[Event "ICC tourney 2010 (45 10)"]
[Site "Internet Chess Club"]
[Date "2020.09.19"]
[Round "3"]
[White "tedchen"]
[Black "tcao"]
[Result "1-0"]
[ICCResult "Black forfeits on time"]
[WhiteElo "2365"]
[BlackElo "2015"]
[Opening "QGD: Neo-orthodox variation, 7.Bh4"]
[ECO "D56"]
[NIC "QO.17"]
[Time "16:03:55"]
[TimeControl "2700+10"]

1. d4 e6 2. c4 d5 3. Nf3 Nf6 4. Bg5 Be7 5. e3 h6 6. Bh4 O-O 7. Nc3 Nbd7 8.
Rc1 c6 9. Bd3 Nb6 10. b3 Re8 11. O-O Nbd7 12. Bb1 Ba3 13. Rc2 Bb4 14. Qd3
Qa5 15. Rcc1 Ba3 16. Rcd1 Bb4 17. Ne2 g5 18. Bg3 Ne4 19. h4 f5 20. Ne5
{Black forfeits on time}
1-0

[Event "ICC tourney 2010 (45 10)"]
[Site "Internet Chess Club"]
[Date "2020.09.19"]
[Round "3"]
[White "Mrpeetapizza"]
[Black "SkyAngel"]
[Result "0-1"]
[ICCResult "White resigns"]
[WhiteElo "1846"]
[BlackElo "2169"]
[Opening "Caro-Kann: Tartakower (Nimzovich) variation"]
[ECO "B15"]
[NIC "CK.06"]
[Time "16:03:58"]
[TimeControl "2700+10"]

1. e4 c6 2. d4 d5 3. Nc3 dxe4 4. Nxe4 Nf6 5. Nxf6+ exf6 6. Nf3 Bd6 7. Bd3
O-O 8. O-O Re8 9. c3 Nd7 10. Qc2 Nf8 11. Be3 Be6 12. c4 Qc7 13. h3 Qd7 14.
Rfd1 Bxh3 15. gxh3 Qxh3 16. Qe2 f5 17. c5 Bc7 18. Ne5 Bxe5 19. dxe5 Rxe5 20.
Qf1 Qh4 21. Bc4 f4 22. Bxf7+ Kxf7 23. Qc4+ Ne6 24. Rd7+ Kg8 25. Bd4 Qg4+ 26.
Kf1 Qh3+ {White resigns} 0-1

[Event "ICC tourney 2010 (45 10)"]
[Site "Internet Chess Club"]
[Date "2020.09.19"]
[Round "3"]
[White "EsatERGIN"]
[Black "drberkley"]
[Result "0-1"]
[ICCResult "White resigns"]
[WhiteElo "2056"]
[BlackElo "1930"]
[Opening "Pirc: classical (two knights) system"]
[ECO "B08"]
[NIC "PU.10"]
[Time "16:05:03"]
[TimeControl "2700+10"]

1. e4 d6 2. d4 Nf6 3. Nc3 g6 4. Nf3 Bg7 5. Be3 a6 6. Bd3 Nbd7 7. Qd2 e5 8.
Bh6 O-O 9. h4 exd4 10. Nxd4 Ne5 11. O-O-O b5 12. h5 c5 13. Bxg7 Kxg7 14.
hxg6 fxg6 15. Qh6+ Kg8 16. Nd5 Ra7 17. Nf3 c4 18. Be2 Nfg4 19. Qd2 Nxf2 20.
Qd4 Nxh1 21. Qxa7 Rf7 22. Qb8 Ng3 23. Nb6 Nxe2+ 24. Kb1 Nxf3 25. Nxc8 Kg7
26. gxf3 Rc7 27. Qb6 Rxc8 28. Qxa6 Qc7 29. e5 Qc6 30. Qa7+ Rc7 31. Qe3 Ng3
32. e6 Re7 33. Qd4+ Kg8 34. Qxd6 Qxd6 35. Rxd6 Nf5 36. Rd8+ Kg7 37. Rd7 h5
38. b3 h4 {White resigns} 0-1

[Event "ICC tourney 2010 (45 10)"]
[Site "Internet Chess Club"]
[Date "2020.09.19"]
[Round "3"]
[White "TjkTiger"]
[Black "espark"]
[Result "1/2-1/2"]
[ICCResult "Game drawn by mutual agreement"]
[WhiteElo "2600"]
[BlackElo "2316"]
[Opening "QGD: 3.Nc3"]
[ECO "D31"]
[NIC "EO.64"]
[Time "16:05:47"]
[TimeControl "2700+10"]

1. c4 e6 2. Nc3 d5 3. d4 Bb4 4. cxd5 exd5 5. Bf4 Ne7 6. e3 c6 7. h4 Bd6 8.
Qf3 h5 9. Bd3 Bf5 10. Bxf5 Nxf5 11. O-O-O Bxf4 12. Qxf4 Ne7 13. e4 Qd7 14.
Nf3 f6 15. Rhe1 O-O 16. e5 Ng6 17. Qd2 Na6 18. exf6 Rxf6 19. Ne5 Qf5 20.
Nxg6 Qxg6 21. f3 Qg3 22. Re7 {Game drawn by mutual agreement} 1/2-1/2

[Event "ICC tourney 2010 (45 10)"]
[Site "Internet Chess Club"]
[Date "2020.09.19"]
[Round "3"]
[White "Chessking2008"]
[Black "Aleksandrov73"]
[Result "1/2-1/2"]
[ICCResult "Game drawn by mutual agreement"]
[WhiteElo "2197"]
[BlackElo "2693"]
[Opening "English opening"]
[ECO "A13"]
[NIC "EO.64"]
[Time "16:04:11"]
[TimeControl "2700+10"]

1. c4 e6 2. Nc3 d5 3. cxd5 exd5 4. d4 c6 5. Nf3 Bf5 6. Bf4 Nf6 7. e3 Qb6 8.
Qb3 Nbd7 9. Be2 Be7 10. O-O O-O 11. Nh4 Qxb3 12. axb3 Bc2 13. Rfc1 Bxb3 14.
Nf5 Bb4 15. Bd6 Bxd6 16. Nxd6 b5 17. Na2 Bc4 18. Bd1 Bxa2 19. Rxa2 Nb8 20.
b4 a6 21. Nb7 Ra7 22. Na5 Rc7 23. Rac2 Rfc8 24. Be2 Kf8 25. Bd3 g6 26. f3
Nfd7 27. e4 Nb6 28. e5 Nc4 29. Nb3 Nd7 30. Ra2 Ra7 31. Rca1 Rca8 32. f4 Ndb6
33. Na5 Nxa5 34. Rxa5 f6 35. Kf2 Kf7 36. h4 h5 37. Kf3 f5 38. g3 Ke6 39. Ke2
Kd7 40. g4 hxg4 41. h5 Nc4 42. hxg6 Ke6 43. R5a2 Rh8 44. Rxa6 Rh2+ 45. Ke1
Rh1+ 46. Bf1 Rxa6 47. Rxa6 g3 48. Ke2 Rh2+ 49. Kf3 Nd2+ 50. Kxg3 Nxf1+ 51.
Kf3 Nd2+ 52. Kg3 Rh8 53. Rxc6+ Kd7 54. Rd6+ Kc7 55. Rf6 Ne4+ 56. Kf3 Kd7 57.
Rxf5 Rh3+ 58. Kg4 Nf2+ {Game drawn by mutual agreement} 1/2-1/2

[Event "ICC tourney 2010 (45 10)"]
[Site "Internet Chess Club"]
[Date "2020.09.19"]
[Round "3"]
[White "Dking135799"]
[Black "GGuseinov"]
[Result "0-1"]
[ICCResult "White resigns"]
[WhiteElo "2256"]
[BlackElo "2716"]
[Opening "King's Indian: East Indian defense"]
[ECO "A48"]
[NIC "QP.06"]
[Time "16:04:01"]
[TimeControl "2700+10"]

1. d4 Nf6 2. Nf3 g6 3. Nc3 d5 4. Bf4 Bg7 5. e3 O-O 6. Be2 c5 7. dxc5 Qa5 8.
Nd2 Qxc5 9. Nb3 Qb6 10. Nb5 Na6 11. Be5 Bd7 12. a4 e6 13. c3 Ne4 14. Bxg7
Kxg7 15. Qd4+ Qxd4 16. exd4 Bxb5 17. axb5 Nc7 18. Ra4 b6 19. Bd3 Nd6 20. Rb4
Kf6 21. Kd2 Ke7 22. h4 h6 23. Na1 g5 24. hxg5 hxg5 25. Nc2 Rh8 26. Rg1 g4
27. b3 f5 28. c4 f4 29. Ra4 Rh2 30. Ke2 Ne4 31. Bxe4 dxe4 32. Raa1 Ne8 33.
Nb4 Nd6 34. Rxa7+ Rxa7 35. Nc6+ Kf6 36. Nxa7 Nf5 37. Nc6 f3+ 38. Kf1 e3 39.
fxe3 Nxe3+ 40. Kf2 Nxg2 41. Kg3 Rh4 42. Ne5 Kf5 43. c5 Rh3+ 44. Kf2 bxc5 45.
b6 cxd4 46. b7 Rh8 47. Nc6 Kf4 48. Rd1 g3+ 49. Kg1 e5 50. b8=Q Rxb8 51. Nxb8
Ne3 52. Rd2 d3 {White resigns} 0-1

[Event "ICC tourney 2010 (45 10)"]
[Site "Internet Chess Club"]
[Date "2020.09.19"]
[Round "3"]
[White "BrianDeSousa"]
[Black "saiabhi29"]
[Result "1-0"]
[ICCResult "Black resigns"]
[WhiteElo "2130"]
[BlackElo "2047"]
[Opening "Queen's pawn, Mason variation"]
[ECO "D00"]
[NIC "QP.08"]
[Time "16:04:37"]
[TimeControl "2700+10"]

1. d4 d5 2. Bf4 Nf6 3. e3 c5 4. Nc3 a6 5. dxc5 Nc6 6. Nf3 e6 7. Na4 Bxc5 8.
Nxc5 Qa5+ 9. c3 Qxc5 10. Bd3 O-O 11. O-O b5 12. Ne5 Bb7 13. Qe2 Nxe5 14.
Bxe5 Nd7 15. Bg3 Rac8 16. e4 Nf6 17. e5 Ne4 18. Rac1 h6 19. Bf4 Qe7 20. f3
Nc5 21. Bb1 f5 22. exf6 Qxf6 23. Be5 Qg5 24. Rce1 Rcd8 25. Bd4 Qe7 26. Qc2
Rf6 27. Qh7+ Kf7 28. h4 Nd7 29. h5 e5 30. Bg6+ Ke6 31. Bxe5 Qf8 32. Bc7+
{Black resigns}
1-0

[Event "ICC tourney 2010 (45 10)"]
[Site "Internet Chess Club"]
[Date "2020.09.19"]
[Round "3"]
[White "Xuanli28"]
[Black "Solidwrench2"]
[Result "1/2-1/2"]
[ICCResult "Game drawn by mutual agreement"]
[WhiteElo "2246"]
[BlackElo "1992"]
[Opening "Sicilian: Canal-Sokolsky (Nimzovich-Rossolimo, Moscow) attack"]
[ECO "B51"]
[NIC "SI.01"]
[Time "16:03:53"]
[TimeControl "2700+10"]

1. e4 c5 2. Nf3 d6 3. Bb5+ Nd7 4. d4 cxd4 5. Nxd4 Nf6 6. Nc3 a6 7. Be2 e6 8.
f4 Be7 9. O-O O-O 10. Be3 Qc7 11. Bf3 Nb6 12. Qd3 Nc4 13. Bc1 e5 14. Nde2 b5
15. b3 Nb6 16. Be3 Bb7 17. a4 b4 18. Nd5 Nbxd5 19. exd5 e4 20. Bxe4 Nxe4 21.
Qxe4 Bf6 22. Rae1 Rfe8 23. Qd3 Rac8 24. Nd4 Bxd5 25. Bf2 Bb7 26. Nf3 g6 27.
Bd4 Bxd4+ 28. Nxd4 Qc5 29. h3 Qd5 30. Qd2 f5 31. Rxe8+ Rxe8 32. Nf3 Qxd2 33.
Nxd2 Re2 34. Rf2 Re1+ 35. Kh2 Rc1 36. Nc4 Be4 37. Ne3 Re1 38. Nc4 d5 39. Nd6
Rc1 40. Nxe4 dxe4 41. Rd2 Kf7 42. Kg3 Ke6 43. Kf2 h6 44. Ke2 g5 45. Ke3
gxf4+ 46. Kxf4 Rf1+ 47. Ke3 Ke5 48. Rd8 Re1+ 49. Kf2 Rc1 50. Rc8 f4 51. Rc5+
Kd4 52. Rc4+ Kd5 53. Ke2 a5 54. Rc8 Kd4 {Game drawn by mutual agreement}
1/2-1/2

[Event "ICC tourney 2010 (45 10)"]
[Site "Internet Chess Club"]
[Date "2020.09.19"]
[Round "3"]
[White "njspyx"]
[Black "MrNormalName"]
[Result "0-1"]
[ICCResult "White resigns"]
[WhiteElo "1995"]
[BlackElo "2191"]
[Opening "Ruy Lopez: Berlin defense, open variation"]
[ECO "C67"]
[NIC "RL.07"]
[Time "16:04:47"]
[TimeControl "2700+10"]

1. e4 e5 2. Nf3 Nc6 3. Bb5 Nf6 4. O-O Nxe4 5. Re1 Nd6 6. Nxe5 Be7 7. Bf1
Nxe5 8. Rxe5 O-O 9. Nc3 Ne8 10. d4 Bf6 11. Re1 d5 12. Bf4 Bf5 13. Bd3 Bxd3
14. Qxd3 c6 15. Ne2 Nd6 16. Ng3 g6 17. b3 Qd7 18. Rad1 Rfe8 19. Be5 Bg7 20.
Re3 f6 21. Bxd6 Qxd6 22. Rde1 Qd7 23. Qe2 Kf7 24. Qf3 Bh6 25. Rxe8 Rxe8 26.
Rxe8 Qxe8 27. Qe2 Qe6 28. Qxe6+ Kxe6 29. Kf1 Bf8 30. Ke2 Bd6 31. c4 h5 32.
c5 Bf4 33. Nf1 Kf5 34. Kf3 g5 35. Ne3+ Ke6 36. h3 f5 37. g3 Bc7 38. g4 fxg4+
39. hxg4 h4 40. Nf5 Ba5 41. Ke3 Be1 42. f4 h3 43. Kf3 gxf4 44. Ng7+ Kf6 45.
Nf5 h2 46. Kg2 Bg3 47. Nd6 f3+ {White resigns} 0-1

[Event "ICC tourney 2010 (45 10)"]
[Site "Internet Chess Club"]
[Date "2020.09.19"]
[Round "3"]
[White "vikram251107"]
[Black "sathviks"]
[Result "0-1"]
[ICCResult "White checkmated"]
[WhiteElo "1996"]
[BlackElo "2255"]
[Opening "Scandinavian (center counter) defense"]
[ECO "B01"]
[NIC "SD.01"]
[Time "16:04:04"]
[TimeControl "2700+10"]

1. e4 d5 2. exd5 Qxd5 3. Nc3 Qa5 4. Bc4 Nf6 5. Nf3 Bf5 6. O-O e6 7. d4 c6 8.
h3 Be7 9. Bf4 Nbd7 10. a3 h6 11. b4 Qd8 12. b5 O-O 13. Bd3 Bxd3 14. Qxd3 Rc8
15. Rfd1 Qa5 16. bxc6 Rxc6 17. Ne4 Nxe4 18. Qxe4 Nf6 19. Qd3 Rfc8 20. Bd2
Qc7 21. c3 Nd5 22. Ne5 Ra6 23. c4 Nf6 24. Qg3 Ne4 25. Qf4 Nd6 26. c5 Nf5 27.
g4 Bg5 28. Qe4 Nxd4 29. f4 Ra4 30. Bc3 Bxf4 31. Rxd4 Bxe5 32. Rxa4 Bxc3 33.
Rd1 Qxc5+ 34. Kh1 b5 35. Ra6 Bf6 36. Qb7 Qc2 37. Rad6 Rc4 38. Qg2 Qc3 39.
Rd7 Qxa3 40. R7d3 Qc5 41. Qf3 b4 42. Rd7 a5 43. Qa8+ Kh7 44. Rxf7 Qe3 45.
Qg2 b3 46. h4 Rc2 47. Qf1 Qe4+ 48. Kg1 Qxg4+ 49. Kh1 Qxh4+ 50. Kg1 Qh2#
{White checkmated}
0-1

[Event "ICC tourney 2010 (45 10)"]
[Site "Internet Chess Club"]
[Date "2020.09.19"]
[Round "3"]
[White "arsenicblast"]
[Black "WonderZ"]
[Result "1/2-1/2"]
[ICCResult "Game drawn by mutual agreement"]
[WhiteElo "2020"]
[BlackElo "2088"]
[Opening "Sicilian: O'Kelly variation"]
[ECO "B28"]
[NIC "SI.43"]
[Time "16:04:02"]
[TimeControl "2700+10"]

1. e4 c5 2. Nf3 a6 3. d4 cxd4 4. Nxd4 Nf6 5. Nc3 e5 6. Nb3 Bb4 7. Bd3 O-O 8.
O-O d6 9. Be3 Bxc3 10. bxc3 Be6 11. Nd2 Ng4 12. Qe2 Nd7 13. h3 Nxe3 14. Qxe3
Qc7 15. c4 Nc5 16. Nb3 Na4 17. Nd2 Rab8 18. Rab1 Rfc8 19. Kh1 Nc5 20. Kh2
Qa5 21. g3 f6 22. Ra1 Bf7 23. f4 Qc7 24. f5 Nd7 25. Rab1 Qc5 26. Qxc5 dxc5
27. Rb2 Kf8 28. Kg2 Ke7 29. Kf2 Rc6 30. Rfb1 b6 31. Rd1 Rd6 32. Re1 Rb7 33.
Nf1 Nb8 34. Ne3 Kd7 35. Rd1 Kc6 36. c3 a5 37. Rbd2 Rbd7 38. Nd5 Kb7 39. Rb1
Na6 40. Rdb2 Bxd5 41. cxd5 Nc7 42. c4 Rd8 43. Bc2 Ka7 44. g4 Na6 45. a3 h6
46. Ba4 Rb8 47. Kf3 Rdd8 48. Ke3 {Game drawn by mutual agreement} 1/2-1/2

[Event "ICC tourney 2010 (45 10)"]
[Site "Internet Chess Club"]
[Date "2020.09.19"]
[Round "3"]
[White "xyzchessdude"]
[Black "IAlwaysWin"]
[Result "0-1"]
[ICCResult "White resigns"]
[WhiteElo "2038"]
[BlackElo "2140"]
[Opening "English: Neo-Catalan accepted"]
[ECO "A13"]
[NIC "RE.10"]
[Time "16:03:58"]
[TimeControl "2700+10"]

1. Nf3 d5 2. c4 e6 3. g3 Nf6 4. Bg2 dxc4 5. O-O Nbd7 6. Qc2 a6 7. Rd1 Rb8 8.
d3 cxd3 9. Rxd3 Bd6 10. Bg5 h6 11. Bxf6 Qxf6 12. Nc3 Qe7 13. Ne4 Nf6 14.
Nxd6+ cxd6 15. Rad1 d5 16. Rc3 O-O 17. Ne5 Qd6 18. Nc4 Qc7 19. Nd2 Qb6 20.
Rb3 Qa7 21. e4 Bd7 22. Rc3 Bc6 23. e5 Nd7 24. Nf3 Rbd8 25. Re3 Qb8 26. Rde1
Rc8 27. Qd1 Nb6 28. b3 Bd7 29. h4 Qc7 30. Nd4 Qc5 31. Kh2 Qa3 32. Qd2 Rc7
33. g4 Qe7 34. Rh3 Rfc8 35. f4 f6 36. Qe3 Rc3 37. Qf2 Rxh3+ 38. Bxh3 Rf8 39.
Kg3 Na8 40. Qc2 Rc8 41. Qd2 Nc7 42. Qe3 Re8 43. Qc1 Nb5 44. Nxb5 Bxb5 45.
Qc3 fxe5 46. Qxe5 Qd7 47. f5 exf5 48. Qxe8+ Qxe8 49. Rxe8+ Bxe8 50. gxf5 Kf7
51. b4 Kf6 52. Kf4 Bd7 53. Bg2 Bxf5 54. Bxd5 b6 55. Bb7 a5 56. bxa5 bxa5 57.
a3 g5+ 58. hxg5+ hxg5+ 59. Ke3 Ke5 60. Bc6 Be6 61. Bg2 Bd5 62. Bh3 Be6 63.
Bg2 g4 64. Bf1 Bd5 65. Be2 g3 66. Bf1 Be4 67. Bh3 Kd5 68. Bf1 Bh1 69. Kd3
Kc5 70. Kc3 Bd5 71. Kb2 Kd4 72. Kc2 Ke3 73. Kd1 Kf2 74. Bh3 Be6 75. Bxe6 g2
76. Kc2 g1=Q 77. Bc4 Ke3 78. a4 Kd4 79. Bb5 Qf2+ 80. Kb3 Qe3+ 81. Kb2 Qc3+
82. Ka2 Kc5 83. Kb1 Kb4 84. Ka2 Qc2+ 85. Ka1 Kc3 {White resigns} 0-1

[Event "ICC tourney 2010 (45 10)"]
[Site "Internet Chess Club"]
[Date "2020.09.19"]
[Round "3"]
[White "JunlinTheWorld"]
[Black "musk6868"]
[Result "1/2-1/2"]
[ICCResult "Game drawn by mutual agreement"]
[WhiteElo "1883"]
[BlackElo "2055"]
[Opening "Sicilian: accelerated fianchetto, Maróczy bind"]
[ECO "B36"]
[NIC "SI.33"]
[Time "16:04:04"]
[TimeControl "2700+10"]

1. e4 c5 2. Nf3 Nc6 3. d4 cxd4 4. Nxd4 g6 5. c4 Nf6 6. Nc3 d6 7. Be2 Nxd4 8.
Qxd4 Bg7 9. O-O O-O 10. Qd3 Be6 11. Be3 Qa5 12. Rac1 Rfc8 13. b3 a6 14. Na4
Rc6 15. Bf3 Nd7 16. Bd4 Ne5 17. Bxe5 Bxe5 18. Nc3 Bxc3 19. Qxc3 Qxc3 20.
Rxc3 Rc7 21. Rd3 Rac8 22. h3 h5 23. Re1 f6 24. g4 g5 25. gxh5 Bxh3 26. Kh2
Be6 27. Kg3 b5 28. cxb5 axb5 29. Re2 Rc2 30. Rdd2 R2c3 31. Re3 Rc1 32. Rd1
R1c2 33. Re2 R2c3 34. Re3 Rxe3 35. fxe3 Rc3 36. Re1 b4 37. Re2 Rc1 38. Rd2
Rc3 39. Re2 Kg7 40. Bg2 Kh6 41. Bf3 Bf7 42. Re1 Rc2 43. Ra1 Rc3 44. Re1 Rd3
45. Re2 Rc3 46. Re1 Rc7 47. Re2 Rc1 48. Rd2 Rg1+ 49. Kf2 Rc1 50. Kg3 Rc5 51.
Re2 Be6 52. Rg2 Rc3 53. Re2 Rc1 54. Rg2 g4 55. Bxg4 Bf7 56. Bf3 Rc3
{Game drawn by mutual agreement}
1/2-1/2

[Event "ICC tourney 2010 (45 10)"]
[Site "Internet Chess Club"]
[Date "2020.09.19"]
[Round "3"]
[White "helavir"]
[Black "Bushchess"]
[Result "1-0"]
[ICCResult "Black resigns"]
[WhiteElo "2641"]
[BlackElo "2163"]
[Opening "Caro-Kann: advance variation"]
[ECO "B12"]
[NIC "CK.02"]
[Time "16:04:47"]
[TimeControl "2700+10"]

1. e4 c6 2. d4 d5 3. e5 c5 4. dxc5 Nc6 5. Nf3 e6 6. a3 Bxc5 7. Bd3 Nge7 8.
b4 Bb6 9. O-O Ng6 10. Bb2 Bd7 11. Nbd2 Bc7 12. Re1 Qb8 13. Qe2 O-O 14. c4
Nce7 15. g3 dxc4 16. Nxc4 Nd5 17. h4 b5 18. Ne3 Bb6 19. h5 Nge7 20. Ng4 f5
21. Ngh2 Qe8 22. Nd4 a6 23. Rac1 Qf7 24. Rc2 Rfd8 25. Rec1 g5 26. hxg6 hxg6
27. Nhf3 g5 28. Nxg5 Qg6 29. Qd2 Rac8 30. Ngf3 Rxc2 31. Rxc2 Rc8 32. Rxc8+
Bxc8 33. Bc2 Kf7 34. Qg5 Ke8 35. Qh4 Kd7 36. Ng5 Kc7 37. Kf1 Bd7 38. Bd3 Kb7
39. Ke2 Bd8 40. Nb3 Bc8 41. Nc5+ Ka7 42. f4 Nb6 43. Qh8 Nc6 44. Qh7+ Qxh7
45. Nxh7 Be7 46. Nb3 Na4 47. Ba1 Kb6 48. Ng5 a5 49. bxa5+ Nxa5 50. Nd4 Bxa3
51. Bxb5 Nc5 52. Be8 Nab3 53. Bc3 Nc1+ 54. Ke3 Na2 55. Bd2 Bb2 56. Bf7 Bxd4+
57. Kxd4 Nb3+ 58. Kd3 Kb5 59. Be3 Nb4+ 60. Kc3 Na5 61. Nxe6 Nd5+ 62. Kd3 Ne7
63. Nd4+ Ka4 64. Bd2 Ba6+ 65. Kc3 Nb7 66. Be8+ Ka5 67. Nb3+ Kb6 68. Kd4 Kc7
69. Bb4 Nc6+ 70. Kc3 Nbd8 71. Bd6+ Kb6 72. Nc5 Bc8 73. Kc4 Ne6 74. Na4+ Kb7
75. Kd5 Ncd4 76. Nc5+ Nxc5 77. Bxc5 Ne6 78. Bd6 Kb6 79. Bf7 Nd8 80. e6 Bb7+
81. Ke5 Be4 82. Bg6 Nc6+ 83. Kf6 Nd4 84. e7 Bc6 85. e8=Q Bxe8 86. Bxe8 Ne2
87. Kxf5 Nxg3+ 88. Ke5 {Black resigns} 1-0

[Event "ICC tourney 2010 (45 10)"]
[Site "Internet Chess Club"]
[Date "2020.09.19"]
[Round "4"]
[White "KnightHopper"]
[Black "EsatERGIN"]
[Result "1-0"]
[ICCResult "Black resigns"]
[WhiteElo "2057"]
[BlackElo "2067"]
[Opening "Scotch game"]
[ECO "C45"]
[NIC "SO.04"]
[Time "18:32:27"]
[TimeControl "2700+10"]

1. e4 e5 2. Nf3 Nc6 3. d4 exd4 4. Nxd4 d6 5. Nc3 Nf6 6. Be3 Be7 7. f3 O-O 8.
Bc4 Ne5 9. Be2 c5 10. Nb3 Be6 11. O-O d5 12. Nxc5 dxe4 13. Nxe6 fxe6 14.
Qxd8 Rfxd8 15. fxe4 Neg4 16. Bf2 Nxf2 17. Kxf2 Rd2 18. Rac1 Bd6 19. Ke3
Rxe2+ 20. Kxe2 {Black resigns} 1-0

[Event "ICC tourney 2010 (45 10)"]
[Site "Internet Chess Club"]
[Date "2020.09.19"]
[Round "4"]
[White "Aleksandrov73"]
[Black "challenger2010"]
[Result "1-0"]
[ICCResult "Black resigns"]
[WhiteElo "2709"]
[BlackElo "2144"]
[Opening "Nimzo-Indian: 4.e3"]
[ECO "E40"]
[NIC "NI.17"]
[Time "18:31:37"]
[TimeControl "2700+10"]

1. d4 Nf6 2. c4 e6 3. Nc3 Bb4 4. e3 Ne4 5. Qb3 Bxc3+ 6. bxc3 O-O 7. Bd3 f5
8. Ne2 b6 9. f3 Nf6 10. c5 Bb7 11. O-O Nc6 12. Ba3 Na5 13. Qc2 d6 14. cxd6
cxd6 15. e4 fxe4 16. fxe4 Ng4 17. Rxf8+ Qxf8 18. Ng3 Qf4 19. Qe2 Nxh2 20.
Nh5 Qh4 21. g3 Qg5 22. Kxh2 Rc8 23. Bc1 Qe7 24. Bd2 e5 25. Rf1 Rf8 26. Rxf8+
Qxf8 27. g4 Bc8 28. Kg2 Nc6 29. Be3 Ne7 30. Qf3 Qe8 31. Bc4+ Kh8 32. Bh6
{Black resigns}
1-0

[Event "ICC tourney 2010 (45 10)"]
[Site "Internet Chess Club"]
[Date "2020.09.19"]
[Round "4"]
[White "drberkley"]
[Black "town"]
[Result "0-1"]
[ICCResult "White resigns"]
[WhiteElo "1908"]
[BlackElo "2159"]
[Opening "Sicilian: Grand Prix attack"]
[ECO "B23"]
[NIC "SI.44"]
[Time "18:31:56"]
[TimeControl "2700+10"]

1. e4 c5 2. Nc3 Nc6 3. f4 g6 4. Nf3 Bg7 5. Bb5 Nd4 6. O-O a6 7. Bd3 d6 8.
Nxd4 cxd4 9. Ne2 Nf6 10. c3 dxc3 11. dxc3 O-O 12. h3 b5 13. Be3 Bb7 14. Ng3
h5 15. h4 Ng4 16. Qe2 e6 17. Bd2 Qxh4 18. Rf3 Qh2+ 19. Kf1 h4 20. Be3 hxg3
21. Bg1 Qh6 22. Ke1 f5 23. Rxg3 Qxf4 24. Rf3 Qg5 25. Rg3 Rae8 26. Be3 Qh4
{White resigns}
0-1

[Event "ICC tourney 2010 (45 10)"]
[Site "Internet Chess Club"]
[Date "2020.09.19"]
[Round "4"]
[White "musk6868"]
[Black "KnightowlCul8r"]
[Result "1-0"]
[ICCResult "Black resigns"]
[WhiteElo "2066"]
[BlackElo "1893"]
[Opening "Sicilian: dragon, Yugoslav attack, Rauser variation"]
[ECO "B76"]
[NIC "SI.17"]
[Time "18:31:35"]
[TimeControl "2700+10"]

1. e4 c5 2. Nf3 d6 3. d4 cxd4 4. Nxd4 Nf6 5. Nc3 g6 6. Be3 Bg7 7. f3 O-O 8.
Qd2 Nc6 9. O-O-O Bd7 10. g4 Rc8 11. h4 Ne5 12. h5 Nxf3 13. Nxf3 Bxg4 14. Be2
Bxh5 15. Nd4 Bxe2 16. Ndxe2 Qa5 17. Kb1 Qb4 18. a3 Qa5 19. Bh6 Bxh6 20. Qxh6
e6 21. Rdf1 Nh5 22. Ng3 Rc5 23. Nd5 {Black resigns} 1-0

[Event "ICC tourney 2010 (45 10)"]
[Site "Internet Chess Club"]
[Date "2020.09.19"]
[Round "4"]
[White "vikram251107"]
[Black "Brian6712"]
[Result "0-1"]
[ICCResult "White resigns"]
[WhiteElo "1996"]
[BlackElo "2084"]
[Opening "Sicilian: Prins (Moscow) variation"]
[ECO "B55"]
[NIC "SI.01"]
[Time "18:32:01"]
[TimeControl "2700+10"]

1. e4 c5 2. Nf3 d6 3. d4 cxd4 4. Nxd4 Nf6 5. f3 e5 6. Nb3 d5 7. exd5 Qxd5 8.
Qxd5 Nxd5 9. a3 Nc6 10. Bd3 Be6 11. O-O O-O-O 12. Re1 Nb6 13. Be4 Bxb3 14.
cxb3 Bc5+ 15. Be3 Bxe3+ 16. Rxe3 Rd1+ 17. Kf2 f6 18. Bxc6 bxc6 19. Re1 Rhd8
20. a4 R8d3 21. Ra3 Nd5 22. Nc3 Rxe1 23. Kxe1 Nxc3 24. bxc3 Rxc3 25. Kd2 Rc5
26. Ra2 a5 27. Kd3 Kc7 28. Rb2 Rd5+ 29. Kc3 c5 30. Re2 Kc6 31. Re4 Rd4 32.
g4 Kd5 33. Re3 g6 34. h3 f5 35. Re2 fxg4 36. hxg4 h5 {White resigns} 0-1

[Event "ICC tourney 2010 (45 10)"]
[Site "Internet Chess Club"]
[Date "2020.09.19"]
[Round "4"]
[White "Mrpeetapizza"]
[Black "Baseballchamp"]
[Result "1-0"]
[ICCResult "Black resigns"]
[WhiteElo "1987"]
[BlackElo "2065"]
[Opening "Sicilian: Kan, Maróczy bind (Réti variation)"]
[ECO "B41"]
[NIC "SI.41"]
[Time "18:31:35"]
[TimeControl "2700+10"]

1. e4 c5 2. Nf3 e6 3. d4 cxd4 4. Nxd4 a6 5. c4 Nf6 6. Nc3 Qc7 7. Be2 b6 8.
O-O Bb7 9. Qd3 d6 10. f4 Nbd7 11. Bf3 Be7 12. b3 Rc8 13. Be3 O-O 14. Rad1 b5
15. Ncxb5 axb5 16. Nxb5 Qa5 17. e5 Bxf3 18. exf6 Bxd1 19. fxe7 Rfe8 20. Rxd1
Rxe7 21. Qxd6 Ree8 22. b4 Qxa2 23. Qxd7 Rf8 24. Bc5 Rfe8 25. Nc7 Rf8 26.
Bxf8 Rxf8 27. Qd4 {Black resigns} 1-0

[Event "ICC tourney 2010 (45 10)"]
[Site "Internet Chess Club"]
[Date "2020.09.19"]
[Round "4"]
[White "pawnpush202044"]
[Black "Goran21"]
[Result "0-1"]
[ICCResult "White checkmated"]
[WhiteElo "1942"]
[BlackElo "2105"]
[Opening "King's Indian: orthodox, Aronin-Taimanov, 9.Ne1"]
[ECO "E98"]
[NIC "KI.03"]
[Time "18:31:35"]
[TimeControl "2700+10"]

1. c4 Nf6 2. d4 g6 3. Nc3 Bg7 4. e4 d6 5. Nf3 O-O 6. Be2 e5 7. O-O Nc6 8. d5
Ne7 9. Ne1 Nd7 10. Be3 f5 11. f3 f4 12. Bf2 g5 13. b4 Rf7 14. Rc1 Ng6 15.
Nd3 Nf6 16. c5 Bf8 17. cxd6 cxd6 18. Nb5 a6 19. Nc3 h5 20. Na4 Bd7 21. Nb6
Rb8 22. a4 g4 23. Nxd7 Qxd7 24. Bb6 Rc8 25. Rxc8 Qxc8 26. Qd2 Qe8 27. a5 Rg7
28. Bf2 g3 29. hxg3 fxg3 30. Bxg3 h4 31. Bh2 Nh5 32. f4 Ngxf4 33. Nxf4 exf4
34. Bxh5 Qxh5 35. Qxf4 Be7 36. Qf5 Qe2 37. Qf3 Qd2 38. Bf4 Qd4+ 39. Kh1 Qf6
40. Rc1 h3 41. gxh3 Qg6 42. Be3 Bf6 43. Rf1 Be5 44. Rg1 Qe8 45. Rxg7+ Bxg7
46. Qg2 Kh8 47. Bd2 Qa4 48. Qe2 Qc2 49. h4 Bh6 50. Qh5 Qxd2 51. Qe8+ Kh7 52.
Qf7+ Bg7 53. Qf5+ Kg8 54. Qe6+ Kh8 55. Qc8+ Kh7 56. Qf5+ Kh6 57. Qe6+ Kh5
58. Qxd6 Qe1+ 59. Kh2 Qe2+ 60. Kh1 Qxe4+ 61. Kg1 Bd4+ 62. Kf1 Qf3+ 63. Ke1
Bc3# {White checkmated} 0-1

[Event "ICC tourney 2010 (45 10)"]
[Site "Internet Chess Club"]
[Date "2020.09.19"]
[Round "4"]
[White "SkyAngel"]
[Black "Dking135799"]
[Result "1/2-1/2"]
[ICCResult "Game drawn by repetition"]
[WhiteElo "2170"]
[BlackElo "2248"]
[Opening "Ruy Lopez: closed defense"]
[ECO "C84"]
[NIC "RL.13"]
[Time "18:31:33"]
[TimeControl "2700+10"]

1. e4 e5 2. Nf3 Nc6 3. Bb5 a6 4. Ba4 Nf6 5. O-O Be7 6. d3 b5 7. Bb3 d6 8.
Nc3 O-O 9. a3 Rb8 10. Nd5 Bg4 11. Be3 Nd4 12. Bxd4 exd4 13. h3 Bxf3 14.
Nxf6+ Bxf6 15. Qxf3 c5 16. Qe2 Re8 17. Bd5 Qc7 18. f4 c4 19. g4 Rbc8 20. g5
Bd8 21. Qg4 cxd3 22. cxd3 Qc2 23. g6 hxg6 24. Qxg6 Rf8 25. Rf2 Qxd3 26. Rg2
Qe3+ 27. Kh1 Qxh3+ 28. Rh2 Qf3+ 29. Kg1 Qe3+ 30. Kh1 Qf3+ 31. Kg1 Qe3+ 32.
Kh1 Qf3+ 33. Kg1 Qe3+ {Game drawn by repetition} 1/2-1/2

[Event "ICC tourney 2010 (45 10)"]
[Site "Internet Chess Club"]
[Date "2020.09.19"]
[Round "4"]
[White "mopaska1106"]
[Black "njspyx"]
[Result "0-1"]
[ICCResult "White resigns"]
[WhiteElo "2025"]
[BlackElo "2111"]
[Opening "King's Indian: 5.Nf3"]
[ECO "E90"]
[NIC "KI.20"]
[Time "18:31:48"]
[TimeControl "2700+10"]

1. d4 Nf6 2. c4 g6 3. Nc3 Bg7 4. e4 d6 5. Nf3 O-O 6. h3 e5 7. d5 Nh5 8. g3
f5 9. exf5 gxf5 10. Ng5 Nf6 11. Bg2 Qe8 12. O-O a5 13. Be3 b6 14. Ne6 Bxe6
15. dxe6 e4 16. g4 Qxe6 17. gxf5 Qxf5 18. Bd4 Nbd7 19. Qc2 Rae8 20. Rae1 Ne5
21. Bxe5 Rxe5 22. Nxe4 Nxe4 23. Bxe4 Qxh3 24. f4 Rg5+ 25. fxg5 Bd4+ 26. Rf2
Rxf2 {White resigns} 0-1